[ AOE2 MATCH · #481044403 ]
UnrankedMagyars vs Berbers
[ REPLAY ANALYSIS · EXTRACTED FROM THE RECORDED GAME ]
Feudal
14:56
Castle
23:24
Imperial
39:31
| APM avg | 49.2 |
| APM peak | 110 |
| eAPM avg | 19.8 |
| Villagers / military | 147 / 332 |
Focus
⚔️ 40.2% · 🌾 59.8%
Cavalry Archer ×213 · Scout Cavalry ×89 · Fishing Ship ×40 · Knight ×12 · Transport Ship ×7 · Trebuchet (Packed) ×7
Feudal
13:47
Castle
23:17
Imperial
47:05
| APM avg | 66.9 |
| APM peak | 109 |
| eAPM avg | 52.7 |
| Villagers / military | 583 / 760 |
Focus
⚔️ 40.0% · 🌾 60.0%
Militia ×248 · Skirmisher ×185 · Spearman ×148 · Archer ×69 · Berserk ×68 · Fishing Ship ×35
Feudal
14:09
Castle
20:54
Imperial
38:18
| APM avg | 38.9 |
| APM peak | 74 |
| eAPM avg | 25.2 |
| Villagers / military | 146 / 587 |
Focus
⚔️ 27.4% · 🌾 72.6%
Genitour ×222 · Camel Archer ×166 · Scout Cavalry ×100 · Camel Scout ×53 · Trade Cart ×25 · Trebuchet (Packed) ×17
Feudal
14:28
Castle
24:37
Imperial
51:56
| APM avg | 29.1 |
| APM peak | 115 |
| eAPM avg | 16.9 |
| Villagers / military | 208 / 393 |
Focus
⚔️ 36.2% · 🌾 63.8%
Battle Elephant ×195 · Karambit Warrior ×70 · Skirmisher ×48 · Scout Cavalry ×45 · Spearman ×17 · Unknown (2626) ×8
Feudal
15:28
Castle
19:23
Imperial
43:39
| APM avg | 35.4 |
| APM peak | 73 |
| eAPM avg | 17.5 |
| Villagers / military | 304 / 716 |
Focus
⚔️ 46.4% · 🌾 53.6%
Knight ×697 · Trebuchet (Packed) ×15 · Fishing Ship ×14 · Scout Cavalry ×4 · Trade Cog ×1 · Unknown (2626) ×1
Feudal
12:59
Castle
16:49
Imperial
34:18
| APM avg | 34.2 |
| APM peak | 80 |
| eAPM avg | 14.4 |
| Villagers / military | 102 / 572 |
Focus
⚔️ 36.4% · 🌾 63.6%
Mangudai ×351 · Scout Cavalry ×213 · Fishing Ship ×16 · Trebuchet (Packed) ×7 · Mangonel ×1
Feudal
13:56
Castle
20:47
Imperial
38:46
| APM avg | 44.3 |
| APM peak | 80 |
| eAPM avg | 29.5 |
| Villagers / military | 196 / 440 |
Focus
⚔️ 27.4% · 🌾 72.6%
Scout Cavalry ×226 · Genitour ×122 · Leitis ×19 · Spearman ×17 · Monk ×15 · Skirmisher ×15
Feudal
14:20
Castle
19:05
Imperial
56:38
| APM avg | 41.4 |
| APM peak | 97 |
| eAPM avg | 24.3 |
| Villagers / military | 247 / 428 |
Focus
⚔️ 40.6% · 🌾 59.4%
Archer ×148 · Skirmisher ×105 · Genitour ×94 · Genoese Crossbowman ×51 · Trade Cart ×31 · Bombard Cannon ×11
Match map
Initial resources + every placement click. Lines = walls · curves = elevation contours. ◆ gold · ⬟ stone · ● berries · ✦ relic · ◌ wall gap
Your base· Open — 7t gap
edengr7's base· Open — unwalled flank
Althing's base· Open — unwalled flank
yogieberere's base· Open — 3t gap
popsicle's base· Open — 3t gap
Ux'BorealTulip's base· Open — 12t gap
BlueKID's base· Open — 14t gap
DGKR5507's base· ✓ Closed at 19:05 · 26t walls · no gate
Smoothed initial terrain · ◌ = detected wall gap · hover for details
Inputs per minute
— 2987052186 - - edengr7
Build order — 2987052186
First 150 of 599 actions detected
| 0:05 | Build | House |
| 0:13 | Build | House |
| 0:26 | Build | Town Center |
| 2:56 | Build | Dock |
| 3:02 | Create | Villager (Male) |
| 3:03 | Create | Villager (Male) |
| 3:03 | Create | Villager (Male) |
| 3:26 | Create | Villager (Male) |
| 3:26 | Create | Villager (Male) |
| 3:29 | Research | Loom |
| 4:46 | Create | Fishing Ship |
| 5:01 | Create | Fishing Ship |
| 5:01 | Create | Fishing Ship |
| 5:19 | Create | Villager (Male) |
| 5:19 | Create | Villager (Male) |
| 5:19 | Create | Villager (Male) |
| 6:03 | Create | Fishing Ship |
| 6:09 | Create | Villager (Male) |
| 6:09 | Create | Villager (Male) |
| 6:45 | Create | Fishing Ship |
| 6:47 | Create | Villager (Male) |
| 6:47 | Create | Villager (Male) |
| 7:24 | Create | Villager (Male) |
| 7:24 | Create | Villager (Male) |
| 7:40 | Create | Fishing Ship |
| 7:47 | Build | House |
| 8:19 | Build | House |
| 8:21 | Create | Fishing Ship |
| 8:21 | Create | Fishing Ship |
| 8:27 | Create | Villager (Male) |
| 8:28 | Create | Villager (Male) |
| 8:28 | Create | Villager (Male) |
| 8:58 | Create | Fishing Ship |
| 9:03 | Create | Villager (Male) |
| 9:30 | Build | House |
| 9:48 | Create | Fishing Ship |
| 10:03 | Build | House |
| 10:11 | Create | Villager (Male) |
| 10:32 | Create | Fishing Ship |
| 10:49 | Create | Villager (Male) |
| 10:49 | Create | Villager (Male) |
| 11:12 | Build | Mill |
| 11:36 | Create | Fishing Ship |
| 11:36 | Create | Fishing Ship |
| 11:36 | Create | Fishing Ship |
| 11:37 | Create | Fishing Ship |
| 11:55 | Create | Villager (Male) |
| 11:56 | Create | Villager (Male) |
| 12:32 | Build | Dock |
| 12:35 | Research | Feudal Age |
| 12:35 | Research | Feudal Age |
| 13:04 | Create | Fishing Ship |
| 13:23 | Create | Fishing Ship |
| 13:45 | Build | Mining Camp |
| 14:30 | Build | House |
| 14:31 | Build | House |
| 14:36 | Create | Villager (Male) |
| 14:36 | Create | Villager (Male) |
| 14:41 | Create | Fishing Ship |
| 14:56 | Age | Feudal Age |
| 15:07 | Create | Unit 2626 |
| 15:08 | Create | Unit 2626 |
| 15:18 | Create | Villager (Male) |
| 15:19 | Create | Villager (Male) |
| 15:28 | Build | House |
| 15:49 | Create | Unit 2626 |
| 16:11 | Create | Villager (Male) |
| 16:11 | Create | Villager (Male) |
| 16:12 | Create | Villager (Male) |
| 16:43 | Build | House |
| 16:44 | Build | House |
| 16:46 | Create | Villager (Male) |
| 16:46 | Create | Villager (Male) |
| 16:47 | Create | Villager (Male) |
| 16:51 | Create | Fishing Ship |
| 17:26 | Build | Lumber Camp |
| 17:59 | Build | House |
| 18:14 | Create | Fire Galley |
| 19:22 | Create | Villager (Male) |
| 19:22 | Create | Villager (Male) |
| 19:22 | Create | Villager (Male) |
| 19:27 | Create | Fire Galley |
| 19:52 | Build | Market |
| 19:55 | Build | Blacksmith |
| 19:58 | Create | Villager (Male) |
| 19:58 | Create | Villager (Male) |
| 19:58 | Create | Villager (Male) |
| 20:37 | Create | Unit 2626 |
| 20:41 | Research | Castle Age |
| 20:41 | Research | Castle Age |
| 20:51 | Create | Fire Galley |
| 21:07 | Create | Fishing Ship |
| 21:07 | Create | Fishing Ship |
| 21:21 | Build | Barracks |
| 21:25 | Research | Double-Bit Axe |
| 21:26 | Research | Double-Bit Axe |
| 21:54 | Build | House |
| 21:56 | Build | House |
| 21:59 | Build | House |
| 22:15 | Build | Stable |
| 23:24 | Age | Castle Age |
| 23:36 | Build | Stable |
| 23:38 | Create | Knight |
| 23:38 | Create | Knight |
| 23:39 | Create | Knight |
| 23:41 | Create | Villager (Male) |
| 23:41 | Create | Villager (Male) |
| 23:41 | Create | Villager (Male) |
| 23:42 | Create | Villager (Male) |
| 23:50 | Build | Town Center |
| 24:14 | Build | Town Center |
| 24:24 | Create | Knight |
| 24:24 | Create | Knight |
| 24:25 | Create | Knight |
| 24:25 | Create | Knight |
| 24:25 | Create | Knight |
| 24:25 | Create | Knight |
| 24:51 | Create | Villager (Male) |
| 24:51 | Create | Villager (Male) |
| 24:52 | Create | Villager (Male) |
| 25:07 | Create | Fishing Ship |
| 25:07 | Create | Fishing Ship |
| 25:07 | Create | Fishing Ship |
| 25:26 | Create | Fishing Ship |
| 25:26 | Create | Fishing Ship |
| 25:26 | Create | Fishing Ship |
| 25:33 | Create | Knight |
| 25:33 | Create | Knight |
| 25:34 | Create | Knight |
| 25:37 | Research | Scale Barding Armor |
| 25:37 | Research | Scale Barding Armor |
| 25:39 | Create | Villager (Male) |
| 25:39 | Create | Villager (Male) |
| 25:40 | Create | Villager (Male) |
| 25:40 | Create | Villager (Male) |
| 25:40 | Create | Villager (Male) |
| 26:01 | Research | Bow Saw |
| 26:02 | Research | Bow Saw |
| 26:44 | Research | Chain Barding Armor |
| 26:44 | Research | Chain Barding Armor |
| 27:11 | Build | Town Center |
| 27:29 | Create | Villager (Male) |
| 27:29 | Create | Villager (Male) |
| 27:29 | Create | Villager (Male) |
| 27:30 | Create | Villager (Male) |
| 27:30 | Create | Villager (Male) |
| 27:35 | Create | Fishing Ship |
| 27:36 | Create | Fishing Ship |
| 27:36 | Create | Fishing Ship |
| 27:59 | Create | Villager (Male) |
Build order — edengr7
First 150 of 1759 actions detected
| 0:16 | Build | Town Center |
| 1:24 | Build | Dock |
| 2:35 | Create | Villager (Male) |
| 2:35 | Create | Villager (Male) |
| 2:36 | Build | House |
| 2:37 | Create | Villager (Male) |
| 2:37 | Create | Villager (Male) |
| 2:37 | Create | Villager (Male) |
| 3:27 | Research | Loom |
| 3:29 | Create | Fishing Ship |
| 3:29 | Create | Fishing Ship |
| 4:06 | Create | Villager (Male) |
| 4:20 | Build | House |
| 4:26 | Create | Fishing Ship |
| 4:26 | Create | Fishing Ship |
| 4:29 | Research | Loom |
| 4:30 | Research | Loom |
| 5:13 | Create | Villager (Male) |
| 5:27 | Create | Fishing Ship |
| 5:35 | Create | Villager (Male) |
| 5:36 | Create | Villager (Male) |
| 5:55 | Create | Villager (Male) |
| 6:10 | Create | Fishing Ship |
| 6:19 | Build | House |
| 6:30 | Create | Villager (Male) |
| 7:00 | Create | Villager (Male) |
| 7:01 | Create | Villager (Male) |
| 7:01 | Create | Villager (Male) |
| 7:11 | Build | House |
| 7:14 | Create | Villager (Male) |
| 7:33 | Create | Villager (Male) |
| 7:33 | Create | Villager (Male) |
| 7:34 | Create | Fishing Ship |
| 7:35 | Create | Fishing Ship |
| 7:47 | Create | Villager (Male) |
| 7:47 | Create | Villager (Male) |
| 8:12 | Create | Fishing Ship |
| 8:12 | Create | Fishing Ship |
| 8:13 | Create | Villager (Male) |
| 8:14 | Create | Villager (Male) |
| 8:14 | Create | Villager (Male) |
| 8:18 | Build | House |
| 8:30 | Create | Villager (Male) |
| 8:31 | Create | Villager (Male) |
| 8:57 | Create | Villager (Male) |
| 8:57 | Create | Villager (Male) |
| 9:09 | Create | Villager (Male) |
| 9:13 | Create | Fishing Ship |
| 9:13 | Create | Villager (Male) |
| 9:13 | Create | Villager (Male) |
| 9:30 | Create | Villager (Male) |
| 9:30 | Create | Villager (Male) |
| 9:31 | Create | Villager (Male) |
| 9:34 | Create | Villager (Male) |
| 9:34 | Create | Villager (Male) |
| 9:38 | Create | Villager (Male) |
| 9:41 | Build | House |
| 9:42 | Create | Villager (Male) |
| 9:45 | Create | Villager (Male) |
| 9:46 | Create | Villager (Male) |
| 9:49 | Create | Villager (Male) |
| 9:49 | Create | Villager (Male) |
| 9:53 | Create | Fishing Ship |
| 9:57 | Create | Villager (Male) |
| 9:57 | Create | Villager (Male) |
| 10:00 | Create | Villager (Male) |
| 10:00 | Create | Villager (Male) |
| 10:02 | Create | Villager (Male) |
| 10:22 | Create | Fishing Ship |
| 10:29 | Create | Villager (Male) |
| 10:29 | Create | Villager (Male) |
| 10:32 | Create | Villager (Male) |
| 10:35 | Create | Villager (Male) |
| 10:35 | Create | Villager (Male) |
| 10:40 | Create | Fishing Ship |
| 10:41 | Create | Villager (Male) |
| 10:41 | Create | Villager (Male) |
| 10:46 | Create | Villager (Male) |
| 10:48 | Create | Villager (Male) |
| 10:49 | Create | Villager (Male) |
| 11:01 | Build | Dock |
| 11:06 | Create | Villager (Male) |
| 11:07 | Create | Villager (Male) |
| 11:18 | Build | Lumber Camp |
| 11:19 | Create | Villager (Male) |
| 11:19 | Create | Villager (Male) |
| 11:25 | Create | Villager (Male) |
| 11:25 | Create | Villager (Male) |
| 11:37 | Research | Feudal Age |
| 11:49 | Create | Fishing Ship |
| 11:52 | Build | House |
| 12:04 | Create | Fishing Ship |
| 12:22 | Build | Dock |
| 12:49 | Build | Mining Camp |
| 13:08 | Build | House |
| 13:09 | Build | House |
| 13:41 | Build | House |
| 13:47 | Age | Feudal Age |
| 13:50 | Create | Unit 2626 |
| 13:51 | Create | Unit 2626 |
| 13:51 | Create | Unit 2626 |
| 13:51 | Create | Unit 2626 |
| 13:57 | Create | Villager (Male) |
| 13:57 | Create | Villager (Male) |
| 13:58 | Create | Villager (Male) |
| 13:58 | Create | Villager (Male) |
| 14:07 | Create | Villager (Male) |
| 14:12 | Build | Blacksmith |
| 14:12 | Create | Villager (Male) |
| 14:13 | Create | Villager (Male) |
| 14:15 | Create | Villager (Male) |
| 14:16 | Create | Villager (Male) |
| 14:22 | Create | Villager (Male) |
| 14:22 | Create | Villager (Male) |
| 14:23 | Research | Double-Bit Axe |
| 14:24 | Research | Double-Bit Axe |
| 14:26 | Create | Villager (Male) |
| 14:32 | Create | Villager (Male) |
| 14:34 | Create | Villager (Male) |
| 14:34 | Create | Villager (Male) |
| 14:59 | Create | Unit 2626 |
| 15:02 | Create | Fishing Ship |
| 15:02 | Create | Fishing Ship |
| 15:06 | Create | Galley |
| 15:07 | Create | Galley |
| 15:07 | Create | Galley |
| 15:12 | Create | Villager (Male) |
| 15:14 | Create | Villager (Male) |
| 15:15 | Create | Villager (Male) |
| 15:19 | Build | Mill |
| 15:20 | Create | Villager (Male) |
| 15:20 | Create | Villager (Male) |
| 15:28 | Create | Villager (Male) |
| 15:31 | Build | House |
| 15:31 | Create | Villager (Male) |
| 15:32 | Create | Villager (Male) |
| 15:43 | Create | Villager (Male) |
| 15:46 | Create | Villager (Male) |
| 15:52 | Create | Villager (Male) |
| 15:56 | Create | Villager (Male) |
| 16:03 | Create | Galley |
| 16:03 | Create | Galley |
| 16:03 | Create | Galley |
| 16:03 | Create | Galley |
| 16:09 | Create | Villager (Male) |
| 16:25 | Create | Villager (Male) |
| 16:31 | Create | Villager (Male) |
| 16:31 | Create | Villager (Male) |
| 16:40 | Build | Market |
| 16:45 | Create | Villager (Male) |
Build order — Althing
First 150 of 588 actions detected
| 0:48 | Build | Town Center |
| 1:58 | Build | House |
| 2:02 | Build | House |
| 2:52 | Create | Villager (Male) |
| 2:52 | Create | Villager (Male) |
| 2:52 | Create | Villager (Male) |
| 2:52 | Create | Villager (Male) |
| 2:53 | Create | Villager (Male) |
| 3:34 | Build | Dock |
| 3:41 | Research | Loom |
| 4:13 | Create | Fishing Ship |
| 5:03 | Create | Fishing Ship |
| 5:03 | Create | Fishing Ship |
| 5:18 | Create | Villager (Male) |
| 5:18 | Create | Villager (Male) |
| 5:54 | Create | Villager (Male) |
| 5:54 | Create | Villager (Male) |
| 6:11 | Create | Fishing Ship |
| 6:12 | Create | Fishing Ship |
| 6:29 | Create | Villager (Male) |
| 6:30 | Create | Villager (Male) |
| 6:43 | Build | House |
| 6:54 | Create | Villager (Male) |
| 6:54 | Create | Villager (Male) |
| 7:05 | Create | Villager (Male) |
| 7:06 | Create | Villager (Male) |
| 7:18 | Create | Fishing Ship |
| 7:18 | Create | Fishing Ship |
| 7:42 | Create | Villager (Male) |
| 7:42 | Create | Villager (Male) |
| 8:04 | Build | House |
| 8:07 | Create | Villager (Male) |
| 8:08 | Create | Villager (Male) |
| 8:16 | Create | Fishing Ship |
| 8:16 | Create | Fishing Ship |
| 8:24 | Create | Villager (Male) |
| 8:24 | Create | Villager (Male) |
| 8:24 | Create | Villager (Male) |
| 8:25 | Create | Villager (Male) |
| 8:47 | Create | Villager (Male) |
| 9:04 | Build | Mill |
| 9:05 | Create | Villager (Male) |
| 9:06 | Create | Villager (Male) |
| 9:52 | Build | House |
| 9:55 | Build | House |
| 9:59 | Create | Villager (Male) |
| 10:12 | Build | Dock |
| 10:21 | Build | House |
| 10:23 | Build | House |
| 10:27 | Build | Palisade Wall |
| 10:48 | Create | Fishing Ship |
| 11:11 | Create | Fishing Ship |
| 11:11 | Create | Fishing Ship |
| 11:34 | Create | Villager (Male) |
| 11:40 | Create | Fishing Ship |
| 11:40 | Create | Fishing Ship |
| 11:57 | Research | Feudal Age |
| 12:00 | Build | House |
| 12:01 | Build | House |
| 12:19 | Build | Lumber Camp |
| 12:54 | Build | Mining Camp |
| 13:31 | Create | Fishing Ship |
| 13:45 | Build | House |
| 13:46 | Build | House |
| 13:49 | Build | Palisade Wall |
| 14:00 | Create | Villager (Male) |
| 14:09 | Age | Feudal Age |
| 14:10 | Create | Fire Galley |
| 14:14 | Create | Galley |
| 14:18 | Create | Galley |
| 14:23 | Create | Villager (Male) |
| 15:42 | Create | Galley ×3 |
| 15:42 | Create | Galley ×3 |
| 15:48 | Create | Villager (Male) |
| 15:48 | Create | Villager (Male) |
| 16:19 | Create | Villager (Male) |
| 16:55 | Create | Villager (Male) |
| 16:58 | Build | Market |
| 17:05 | Build | Blacksmith |
| 17:07 | Build | House |
| 17:10 | Create | Villager (Male) |
| 17:15 | Create | Galley |
| 17:15 | Create | Galley |
| 17:59 | Create | Galley |
| 18:14 | Research | Castle Age |
| 18:14 | Research | Castle Age |
| 18:23 | Build | Mining Camp |
| 18:41 | Create | Galley |
| 19:01 | Create | Galley |
| 19:12 | Research | Double-Bit Axe |
| 19:12 | Research | Double-Bit Axe |
| 19:42 | Create | Villager (Male) |
| 20:40 | Create | Unit 2626 ×3 |
| 20:41 | Create | Unit 2626 ×3 |
| 20:54 | Age | Castle Age |
| 20:56 | Research | War Galley (upgrade) |
| 21:11 | Create | Villager (Male) |
| 21:11 | Create | Villager (Male) |
| 21:16 | Build | House |
| 21:21 | Research | Bow Saw |
| 21:38 | Build | Palisade Wall |
| 21:40 | Build | Palisade Wall |
| 22:28 | Create | Villager (Male) |
| 22:28 | Create | Villager (Male) |
| 22:38 | Build | Castle |
| 22:40 | Build | Mining Camp |
| 22:53 | Create | Villager (Male) |
| 22:53 | Create | Villager (Male) |
| 23:33 | Build | Farm |
| 23:34 | Build | Farm |
| 23:34 | Build | Farm |
| 23:34 | Build | Farm |
| 23:34 | Build | Farm |
| 23:35 | Build | Farm |
| 23:50 | Create | Villager (Male) |
| 24:00 | Build | Town Center |
| 24:05 | Create | Villager (Male) |
| 24:10 | Build | Farm |
| 24:13 | Build | Farm |
| 24:48 | Create | Villager (Male) |
| 24:52 | Create | Villager (Male) |
| 25:00 | Create | Camel Archer |
| 25:00 | Create | Camel Archer |
| 25:00 | Create | Camel Archer |
| 25:00 | Create | Camel Archer |
| 25:12 | Create | Villager (Male) |
| 25:12 | Create | Villager (Male) |
| 25:24 | Create | Camel Archer |
| 25:25 | Create | Camel Archer |
| 25:41 | Create | Villager (Male) |
| 25:41 | Create | Villager (Male) |
| 25:48 | Create | Villager (Male) |
| 25:48 | Create | Villager (Male) |
| 25:48 | Create | Villager (Male) |
| 25:50 | Create | Villager (Male) |
| 25:51 | Create | Villager (Male) |
| 25:51 | Create | Villager (Male) |
| 26:02 | Research | Fletching |
| 26:02 | Research | Fletching |
| 26:12 | Build | Farm |
| 26:12 | Build | Farm |
| 26:14 | Build | Farm |
| 26:27 | Build | Town Center |
| 26:32 | Research | Horse Collar |
| 26:32 | Research | Horse Collar |
| 26:34 | Create | Villager (Male) |
| 26:39 | Build | Farm |
| 26:59 | Research | Padded Archer Armor |
| 27:01 | Create | Camel Archer |
| 27:07 | Build | University |
Build order — yogieberere
First 150 of 589 actions detected
| 0:08 | Build | Town Center |
| 2:24 | Create | Villager (Male) |
| 2:25 | Create | Villager (Male) |
| 2:25 | Create | Villager (Male) |
| 2:33 | Build | House |
| 2:34 | Build | House |
| 2:43 | Create | Villager (Male) |
| 3:46 | Build | House |
| 4:03 | Create | Villager (Male) |
| 4:04 | Create | Villager (Male) |
| 4:32 | Research | Loom |
| 4:48 | Create | Villager (Male) |
| 4:48 | Create | Villager (Male) |
| 5:14 | Create | Villager (Male) |
| 5:51 | Build | Dock |
| 5:57 | Create | Villager (Male) |
| 6:11 | Create | Villager (Male) |
| 6:31 | Build | House |
| 6:36 | Create | Fishing Ship |
| 6:41 | Create | Villager (Male) |
| 6:58 | Create | Villager (Male) |
| 7:18 | Create | Villager (Male) |
| 7:26 | Create | Fishing Ship |
| 7:48 | Create | Villager (Male) |
| 7:59 | Create | Villager (Male) |
| 8:30 | Build | Mill |
| 8:49 | Build | House |
| 9:02 | Create | Villager (Male) |
| 9:02 | Create | Villager (Male) |
| 9:18 | Build | Palisade Wall |
| 9:19 | Build | Palisade Wall |
| 9:22 | Build | Palisade Wall |
| 9:27 | Create | Villager (Male) |
| 9:33 | Build | Palisade Wall |
| 9:34 | Build | Palisade Wall |
| 9:36 | Build | Palisade Wall |
| 9:44 | Create | Fishing Ship |
| 10:26 | Create | Villager (Male) |
| 10:27 | Create | Villager (Male) |
| 10:33 | Build | House |
| 11:12 | Create | Villager (Male) |
| 11:19 | Build | Mill |
| 11:30 | Build | Palisade Wall |
| 11:39 | Build | Palisade Wall |
| 11:40 | Build | Palisade Wall |
| 11:44 | Create | Villager (Male) |
| 11:44 | Create | Villager (Male) |
| 11:54 | Build | House |
| 11:56 | Build | House |
| 12:00 | Build | Palisade Wall |
| 12:32 | Build | House |
| 12:45 | Create | Villager (Male) |
| 12:45 | Create | Villager (Male) |
| 12:45 | Create | Villager (Male) |
| 13:06 | Research | Feudal Age |
| 13:25 | Create | Villager (Male) |
| 14:28 | Age | Feudal Age |
| 14:30 | Build | Mining Camp |
| 14:40 | Create | Unit 2626 |
| 14:42 | Create | Villager (Male) |
| 14:42 | Create | Villager (Male) |
| 14:54 | Build | House |
| 15:15 | Build | Mill |
| 15:21 | Create | Villager (Male) |
| 15:36 | Create | Unit 2626 |
| 15:51 | Create | Villager (Male) |
| 15:52 | Create | Villager (Male) |
| 16:11 | Create | Unit 2626 |
| 16:12 | Create | Villager (Male) |
| 16:12 | Create | Villager (Male) |
| 16:27 | Research | Horse Collar |
| 16:42 | Create | Unit 2626 |
| 17:03 | Build | Watch Tower |
| 17:07 | Build | Lumber Camp |
| 17:10 | Create | Villager (Male) |
| 18:03 | Create | Villager (Male) |
| 18:20 | Create | Villager (Male) |
| 18:20 | Create | Villager (Male) |
| 18:22 | Research | Double-Bit Axe |
| 18:44 | Create | Villager (Male) |
| 18:57 | Build | Blacksmith |
| 19:08 | Create | Unit 2626 |
| 19:12 | Create | Villager (Male) |
| 19:12 | Create | Villager (Male) |
| 19:32 | Build | Market |
| 19:50 | Create | Villager (Male) |
| 20:22 | Create | Villager (Male) |
| 20:22 | Create | Villager (Male) |
| 20:42 | Create | Unit 2626 |
| 20:42 | Create | Unit 2626 |
| 20:45 | Create | Villager (Male) |
| 20:51 | Research | Fletching |
| 21:03 | Build | House |
| 21:19 | Build | House |
| 21:21 | Build | Palisade Wall |
| 21:23 | Create | Villager (Male) |
| 21:23 | Create | Villager (Male) |
| 21:55 | Create | Villager (Male) |
| 21:58 | Build | House |
| 22:36 | Create | Villager (Male) |
| 22:59 | Research | Castle Age |
| 24:37 | Age | Castle Age |
| 24:42 | Build | Fish Trap |
| 24:45 | Build | Fish Trap |
| 24:48 | Build | Fish Trap |
| 24:54 | Build | Siege Workshop |
| 25:08 | Create | Villager (Male) |
| 25:08 | Create | Villager (Male) |
| 25:08 | Create | Villager (Male) |
| 25:08 | Create | Villager (Male) |
| 25:24 | Build | Town Center |
| 25:31 | Create | Mangonel |
| 25:59 | Build | Mill |
| 26:33 | Create | Villager (Male) |
| 26:34 | Create | Villager (Male) |
| 27:05 | Create | Villager (Male) |
| 27:21 | Build | Farm |
| 27:21 | Build | Farm |
| 27:21 | Build | Farm |
| 27:21 | Build | Farm |
| 27:21 | Build | Farm |
| 27:22 | Build | Farm |
| 27:22 | Build | Farm |
| 27:23 | Build | Farm |
| 27:23 | Build | Farm |
| 27:28 | Create | Villager (Male) |
| 27:53 | Create | Villager (Male) ×2 |
| 28:02 | Build | House |
| 28:03 | Build | House |
| 28:05 | Build | Palisade Wall |
| 28:11 | Build | House |
| 28:12 | Build | House |
| 28:14 | Build | House |
| 28:33 | Research | War Galley (upgrade) |
| 28:35 | Create | Villager (Male) ×5 |
| 28:54 | Build | Stone Wall |
| 28:55 | Build | Stone Wall |
| 28:59 | Create | Villager (Male) ×2 |
| 29:33 | Research | Wheelbarrow |
| 29:34 | Create | Villager (Male) ×3 |
| 29:34 | Create | Villager (Male) ×3 |
| 29:48 | Create | Villager (Male) |
| 29:51 | Create | Villager (Male) ×3 |
| 30:01 | Build | Mining Camp |
| 30:21 | Create | Fire Galley |
| 30:21 | Create | Fire Galley |
| 30:21 | Create | Fire Galley |
| 30:47 | Research | Bow Saw |
| 30:58 | Build | Stone Wall |
| 31:00 | Build | Stone Wall |
Build order — popsicle
First 150 of 997 actions detected
| 0:09 | Build | Town Center |
| 2:31 | Create | Villager (Male) |
| 2:32 | Create | Villager (Male) |
| 2:32 | Create | Villager (Male) |
| 2:32 | Create | Villager (Male) |
| 2:33 | Create | Villager (Male) |
| 2:44 | Build | House |
| 4:02 | Research | Loom |
| 4:14 | Build | Dock |
| 4:27 | Build | Mill |
| 5:00 | Create | Fishing Ship |
| 5:00 | Create | Fishing Ship |
| 5:41 | Create | Villager (Male) |
| 5:42 | Create | Villager (Male) |
| 5:46 | Create | Fishing Ship |
| 6:20 | Create | Villager (Male) |
| 6:20 | Create | Villager (Male) |
| 6:32 | Create | Fishing Ship |
| 6:49 | Create | Villager (Male) |
| 6:58 | Build | House |
| 7:17 | Create | Villager (Male) |
| 7:18 | Create | Villager (Male) |
| 7:23 | Build | House |
| 7:54 | Create | Villager (Male) |
| 7:54 | Create | Villager (Male) |
| 7:56 | Create | Fishing Ship |
| 7:56 | Create | Fishing Ship |
| 8:10 | Create | Villager (Male) |
| 8:27 | Create | Villager (Male) |
| 8:27 | Create | Villager (Male) |
| 8:30 | Create | Fishing Ship |
| 9:02 | Create | Fishing Ship |
| 9:03 | Create | Villager (Male) |
| 9:40 | Create | Villager (Male) |
| 9:53 | Create | Villager (Male) |
| 9:57 | Create | Fishing Ship |
| 10:06 | Build | House |
| 10:11 | Create | Villager (Male) |
| 10:46 | Create | Villager (Male) |
| 10:48 | Create | Fishing Ship |
| 10:54 | Build | House |
| 11:01 | Build | Palisade Gate |
| 11:22 | Create | Villager (Male) |
| 11:24 | Create | Fishing Ship |
| 11:44 | Build | Dock |
| 11:59 | Create | Villager (Male) |
| 12:28 | Create | Villager (Male) |
| 12:29 | Create | Fishing Ship |
| 12:30 | Create | Fishing Ship |
| 12:46 | Create | Villager (Male) |
| 13:00 | Build | Mining Camp |
| 13:11 | Build | House |
| 13:13 | Build | House |
| 13:15 | Create | Fishing Ship |
| 13:18 | Research | Feudal Age |
| 13:35 | Build | Palisade Wall |
| 13:45 | Build | House |
| 14:10 | Build | Barracks |
| 14:54 | Create | Villager (Male) |
| 14:56 | Create | Villager (Male) |
| 15:28 | Age | Feudal Age |
| 15:35 | Build | Stable |
| 15:51 | Build | Blacksmith |
| 15:58 | Build | Lumber Camp |
| 16:11 | Create | Villager (Male) |
| 16:35 | Research | Tech 906 |
| 16:39 | Research | Castle Age |
| 16:42 | Create | Scout Cavalry |
| 16:51 | Build | Stone Wall |
| 16:56 | Build | Gate |
| 17:07 | Build | Mining Camp |
| 17:17 | Create | Scout Cavalry |
| 17:23 | Create | Scout Cavalry |
| 17:40 | Build | Gate |
| 18:20 | Create | Scout Cavalry |
| 18:31 | Build | Dock |
| 18:46 | Create | Unit 2626 |
| 19:00 | Create | Trade Cog |
| 19:23 | Age | Castle Age |
| 19:50 | Create | Villager (Male) |
| 19:57 | Build | Town Center |
| 20:04 | Build | Town Center |
| 20:21 | Create | Villager (Male) |
| 20:21 | Create | Villager (Male) |
| 20:34 | Create | Villager (Male) |
| 20:36 | Research | Double-Bit Axe |
| 20:55 | Create | Villager (Male) |
| 21:22 | Build | House |
| 21:24 | Build | House |
| 21:25 | Build | House |
| 21:30 | Create | Villager (Male) |
| 21:36 | Create | Knight |
| 21:36 | Create | Knight |
| 21:38 | Create | Villager (Male) |
| 21:40 | Create | Villager (Male) |
| 21:51 | Create | Villager (Male) |
| 21:57 | Research | Horse Collar |
| 22:02 | Build | Farm |
| 22:03 | Build | Farm |
| 22:43 | Create | Villager (Male) |
| 22:43 | Create | Villager (Male) |
| 22:44 | Create | Villager (Male) |
| 22:56 | Create | Villager (Male) |
| 23:01 | Build | Farm |
| 23:01 | Build | Farm |
| 23:01 | Build | Farm |
| 23:02 | Build | Farm |
| 23:02 | Build | Farm |
| 23:02 | Build | Farm |
| 23:03 | Build | Farm |
| 23:03 | Build | Farm |
| 23:04 | Create | Villager (Male) |
| 23:48 | Create | Villager (Male) |
| 23:48 | Create | Villager (Male) |
| 23:48 | Create | Villager (Male) |
| 23:57 | Build | House |
| 24:00 | Create | Villager (Male) |
| 24:00 | Create | Villager (Male) |
| 24:09 | Build | Mill |
| 24:11 | Build | Farm |
| 24:12 | Build | Farm |
| 24:13 | Create | Villager (Male) |
| 24:17 | Build | Farm |
| 24:17 | Build | Farm |
| 24:17 | Build | Farm |
| 24:18 | Build | Farm |
| 24:18 | Build | Farm |
| 24:18 | Build | Farm |
| 24:20 | Create | Villager (Male) |
| 24:40 | Research | Bow Saw |
| 24:41 | Research | Bow Saw |
| 24:42 | Create | Villager (Male) |
| 24:42 | Create | Villager (Male) |
| 24:52 | Create | Villager (Male) |
| 24:52 | Create | Villager (Male) |
| 24:53 | Create | Villager (Male) |
| 25:02 | Build | Castle |
| 25:06 | Create | Villager (Male) |
| 25:06 | Create | Villager (Male) |
| 25:06 | Create | Villager (Male) |
| 25:10 | Build | Farm |
| 25:10 | Build | Farm |
| 25:12 | Build | Farm |
| 25:18 | Build | Farm |
| 25:19 | Create | Villager (Male) |
| 25:19 | Create | Villager (Male) |
| 25:20 | Create | Villager (Male) |
| 25:28 | Create | Villager (Male) |
| 25:28 | Create | Villager (Male) |
| 25:36 | Create | Villager (Male) |
Build order — Ux'BorealTulip
First 150 of 481 actions detected
| 0:07 | Build | House |
| 0:31 | Build | Town Center |
| 1:37 | Build | Dock |
| 1:40 | Build | Palisade Wall |
| 2:56 | Create | Villager (Male) ×4 |
| 3:51 | Create | Fishing Ship |
| 4:25 | Create | Villager (Male) |
| 4:48 | Build | House |
| 4:53 | Research | Loom |
| 4:57 | Build | House |
| 5:07 | Create | Fishing Ship |
| 5:16 | Build | House |
| 5:30 | Build | House |
| 5:50 | Create | Villager (Male) |
| 5:56 | Create | Fishing Ship |
| 6:23 | Create | Villager (Male) |
| 6:23 | Create | Villager (Male) |
| 6:31 | Build | House |
| 6:50 | Create | Villager (Male) |
| 7:15 | Create | Fishing Ship |
| 7:18 | Create | Villager (Male) |
| 7:46 | Create | Villager (Male) |
| 7:46 | Create | Villager (Male) |
| 7:47 | Create | Villager (Male) |
| 7:59 | Build | House |
| 8:18 | Create | Fishing Ship |
| 8:30 | Create | Villager (Male) |
| 9:06 | Build | House |
| 9:17 | Create | Villager (Male) |
| 9:24 | Build | House |
| 9:43 | Create | Villager (Male) |
| 9:52 | Create | Fishing Ship |
| 9:54 | Build | Mining Camp |
| 10:08 | Build | House |
| 10:30 | Build | House |
| 10:46 | Build | House |
| 10:49 | Research | Feudal Age |
| 11:04 | Build | House |
| 11:33 | Build | House |
| 11:51 | Build | Mill |
| 11:58 | Build | House |
| 12:59 | Age | Feudal Age |
| 13:07 | Build | Market |
| 13:13 | Build | Blacksmith |
| 13:19 | Create | Villager (Male) |
| 13:19 | Create | Villager (Male) |
| 13:53 | Build | Mining Camp |
| 13:58 | Build | House |
| 13:59 | Build | House |
| 14:03 | Research | Castle Age |
| 14:36 | Build | Lumber Camp |
| 15:15 | Build | Stone Wall |
| 15:33 | Research | Double-Bit Axe |
| 15:45 | Build | Stone Wall |
| 15:49 | Build | Gate |
| 16:49 | Age | Castle Age |
| 16:51 | Create | Villager (Male) |
| 16:52 | Create | Villager (Male) |
| 17:02 | Build | University |
| 17:07 | Research | Fletching |
| 17:43 | Create | Villager (Male) |
| 17:43 | Create | Villager (Male) |
| 18:28 | Build | Castle |
| 18:41 | Create | Villager (Male) |
| 18:42 | Create | Villager (Male) |
| 18:53 | Research | Ballistics |
| 19:04 | Research | Town Watch |
| 19:15 | Create | Villager (Male) |
| 19:16 | Create | Villager (Male) |
| 19:45 | Create | Mangudai |
| 19:45 | Create | Mangudai |
| 19:45 | Create | Mangudai |
| 19:46 | Create | Mangudai |
| 19:46 | Create | Mangudai |
| 20:13 | Research | Bodkin Arrow |
| 20:19 | Create | Mangudai |
| 20:51 | Create | Mangudai |
| 20:52 | Create | Mangudai |
| 20:52 | Create | Villager (Male) |
| 20:53 | Create | Villager (Male) |
| 21:22 | Create | Villager (Male) |
| 22:02 | Create | Mangudai |
| 22:03 | Create | Mangudai |
| 22:06 | Create | Villager (Male) |
| 22:06 | Create | Villager (Male) |
| 22:49 | Create | Mangudai |
| 22:49 | Create | Mangudai |
| 23:30 | Create | Mangudai |
| 23:36 | Build | Mill |
| 23:40 | Research | Bow Saw |
| 23:52 | Create | Mangudai |
| 23:57 | Research | Gold Mining |
| 24:00 | Create | Villager (Male) |
| 24:00 | Create | Villager (Male) |
| 24:01 | Create | Villager (Male) |
| 24:22 | Build | House |
| 24:56 | Create | Mangudai |
| 24:56 | Create | Mangudai |
| 25:15 | Build | Barracks |
| 25:26 | Create | Mangudai |
| 25:26 | Create | Mangudai |
| 26:03 | Build | Siege Workshop |
| 26:06 | Create | Mangudai |
| 26:10 | Research | Padded Archer Armor |
| 26:14 | Create | Villager (Male) |
| 26:14 | Create | Villager (Male) |
| 26:14 | Create | Villager (Male) |
| 26:25 | Create | Mangudai |
| 26:45 | Create | Mangudai |
| 26:49 | Create | Villager (Male) |
| 27:33 | Build | Stable |
| 27:36 | Create | Villager (Male) |
| 27:41 | Create | Mangudai |
| 27:53 | Create | Mangonel |
| 28:00 | Create | Villager (Male) |
| 28:10 | Build | Castle |
| 28:23 | Create | Mangudai |
| 29:29 | Build | Castle |
| 30:11 | Build | Market |
| 30:13 | Create | Villager (Male) |
| 30:13 | Create | Villager (Male) |
| 30:18 | Build | House |
| 30:33 | Build | Mining Camp |
| 31:06 | Research | Imperial Age |
| 31:23 | Build | Lumber Camp |
| 31:33 | Research | Horse Collar |
| 31:36 | Build | Farm |
| 31:36 | Build | Farm |
| 31:36 | Build | Farm |
| 31:37 | Build | Farm |
| 31:37 | Build | Farm |
| 31:37 | Build | Farm |
| 31:38 | Build | Farm |
| 31:38 | Build | Farm |
| 31:38 | Build | Farm |
| 31:38 | Build | Farm |
| 31:39 | Build | Farm |
| 31:39 | Build | Farm |
| 31:40 | Build | Farm |
| 32:03 | Research | Husbandry |
| 32:17 | Build | Farm |
| 32:40 | Build | Dock |
| 33:07 | Build | Town Center |
| 33:20 | Research | Leather Archer Armor |
| 33:24 | Research | Bloodlines |
| 34:18 | Age | Imperial Age |
| 34:19 | Create | Trebuchet (Packed) |
| 34:26 | Create | Trebuchet (Packed) |
| 34:34 | Create | Villager (Male) |
| 34:35 | Create | Villager (Male) |
Build order — BlueKID
First 150 of 753 actions detected
| 0:47 | Build | Town Center |
| 1:23 | Build | Dock |
| 1:24 | Build | House |
| 1:24 | Build | House |
| 3:04 | Research | Loom |
| 3:04 | Create | Villager (Male) |
| 3:05 | Create | Villager (Male) |
| 3:05 | Create | Villager (Male) |
| 3:05 | Create | Villager (Male) |
| 3:05 | Create | Villager (Male) |
| 3:06 | Create | Villager (Male) |
| 3:06 | Create | Villager (Male) |
| 4:57 | Create | Villager (Male) |
| 4:57 | Create | Villager (Male) |
| 5:38 | Create | Fishing Ship |
| 5:38 | Create | Fishing Ship |
| 5:39 | Create | Fishing Ship |
| 6:02 | Create | Fishing Ship |
| 6:02 | Create | Fishing Ship |
| 6:19 | Build | Outpost |
| 6:27 | Create | Villager (Male) |
| 6:49 | Build | House |
| 6:55 | Create | Villager (Male) |
| 6:56 | Create | Villager (Male) |
| 6:57 | Create | Fishing Ship |
| 6:57 | Create | Fishing Ship |
| 6:57 | Create | Fishing Ship |
| 7:28 | Build | Palisade Gate |
| 7:31 | Build | Palisade Wall |
| 7:35 | Build | Palisade Wall |
| 7:37 | Create | Villager (Male) |
| 7:37 | Create | Villager (Male) |
| 7:44 | Create | Fishing Ship |
| 7:45 | Create | Fishing Ship |
| 7:52 | Create | Villager (Male) |
| 8:03 | Create | Villager (Male) |
| 8:19 | Build | House |
| 8:42 | Create | Fishing Ship |
| 8:49 | Build | House |
| 9:23 | Create | Villager (Male) |
| 9:24 | Create | Villager (Male) |
| 9:45 | Build | House |
| 9:51 | Create | Fishing Ship |
| 10:02 | Create | Fishing Ship |
| 10:44 | Build | House |
| 10:50 | Create | Villager (Male) |
| 10:57 | Build | Mill |
| 10:58 | Create | Villager (Male) |
| 11:19 | Build | House |
| 11:46 | Research | Feudal Age |
| 11:46 | Research | Feudal Age |
| 12:00 | Build | Lumber Camp |
| 12:07 | Build | Palisade Gate |
| 12:11 | Create | Villager (Male) |
| 13:07 | Build | House |
| 13:38 | Build | House |
| 13:51 | Build | Palisade Gate |
| 13:56 | Age | Feudal Age |
| 14:02 | Research | Double-Bit Axe |
| 14:14 | Build | Blacksmith |
| 14:31 | Build | House |
| 15:07 | Create | Villager (Male) |
| 15:26 | Build | House |
| 15:30 | Build | House |
| 15:31 | Build | House |
| 15:48 | Build | Watch Tower |
| 15:56 | Create | Villager (Male) |
| 16:23 | Create | Villager (Male) |
| 16:42 | Build | Market |
| 16:54 | Build | Mining Camp |
| 17:00 | Build | Gate |
| 17:04 | Build | Stone Wall |
| 17:24 | Create | Villager (Male) |
| 17:40 | Build | House |
| 18:05 | Research | Gold Mining |
| 18:06 | Research | Stone Mining |
| 18:06 | Research | Stone Mining |
| 18:07 | Research | Castle Age |
| 18:12 | Build | Stone Wall |
| 18:34 | Create | Villager (Male) |
| 19:18 | Create | Villager (Male) |
| 20:17 | Create | Villager (Male) |
| 20:25 | Build | Stone Wall |
| 20:36 | Build | Stone Wall |
| 20:47 | Age | Castle Age |
| 20:53 | Build | Siege Workshop |
| 21:02 | Create | Villager (Male) |
| 21:39 | Research | Bow Saw |
| 22:16 | Create | Villager (Male) |
| 22:20 | Create | Mangonel |
| 22:39 | Create | Villager (Male) |
| 23:26 | Create | Villager (Male) |
| 23:27 | Create | Villager (Male) |
| 24:28 | Create | Villager (Male) |
| 24:28 | Create | Villager (Male) |
| 24:28 | Create | Villager (Male) |
| 24:32 | Research | Horse Collar |
| 24:36 | Build | Mining Camp |
| 24:51 | Build | Castle |
| 24:57 | Build | Palisade Gate |
| 25:01 | Build | Palisade Gate |
| 25:07 | Build | Barracks |
| 25:17 | Build | Palisade Gate |
| 25:20 | Create | Villager (Male) |
| 25:26 | Research | Heavy Plow |
| 25:55 | Create | Villager (Male) |
| 26:32 | Build | Town Center |
| 26:38 | Create | Leitis |
| 26:38 | Create | Leitis |
| 26:44 | Build | Monastery |
| 26:53 | Research | Fletching |
| 26:54 | Research | Fletching |
| 27:10 | Build | Farm |
| 27:10 | Build | Farm |
| 27:11 | Build | Farm |
| 27:11 | Build | Farm |
| 27:50 | Create | Villager (Male) |
| 27:53 | Create | Villager (Male) |
| 27:53 | Create | Villager (Male) |
| 27:54 | Create | Villager (Male) |
| 28:03 | Create | Leitis |
| 28:32 | Create | Monk |
| 28:47 | Create | Villager (Male) |
| 28:47 | Create | Villager (Male) |
| 28:47 | Create | Villager (Male) |
| 28:55 | Build | Gate |
| 28:57 | Build | Gate |
| 29:00 | Build | Farm |
| 29:01 | Build | Farm |
| 29:01 | Build | Farm |
| 29:01 | Build | Farm |
| 29:01 | Build | Farm |
| 29:07 | Research | Forging |
| 29:20 | Create | Villager (Male) |
| 29:24 | Create | Villager (Male) |
| 29:42 | Create | Villager (Male) |
| 29:46 | Create | Villager (Male) |
| 30:03 | Create | Leitis |
| 30:04 | Create | Villager (Male) |
| 30:17 | Create | Leitis |
| 30:17 | Create | Leitis |
| 30:25 | Create | Villager (Male) |
| 30:26 | Create | Villager (Male) |
| 30:26 | Create | Villager (Male) |
| 30:30 | Build | Farm |
| 30:30 | Build | Farm |
| 30:31 | Build | Farm |
| 30:33 | Build | Farm |
| 30:45 | Create | Villager (Male) |
| 30:53 | Create | Villager (Male) |
Build order — DGKR5507
First 150 of 1027 actions detected
| 0:19 | Build | Town Center |
| 0:26 | Build | Dock |
| 1:06 | Build | House |
| 1:42 | Build | Palisade Wall |
| 2:53 | Create | Villager (Male) |
| 2:53 | Create | Villager (Male) |
| 2:54 | Create | Villager (Male) |
| 2:54 | Create | Villager (Male) |
| 2:55 | Create | Villager (Male) |
| 3:29 | Research | Loom |
| 3:29 | Research | Loom |
| 3:29 | Create | Villager (Male) |
| 3:30 | Create | Villager (Male) |
| 3:30 | Create | Villager (Male) |
| 3:30 | Create | Villager (Male) |
| 3:35 | Create | Villager (Male) |
| 3:35 | Create | Villager (Male) |
| 3:35 | Create | Villager (Male) |
| 4:31 | Create | Fishing Ship |
| 4:31 | Create | Fishing Ship |
| 4:31 | Create | Fishing Ship |
| 5:04 | Build | House |
| 5:09 | Create | Villager (Male) |
| 5:09 | Create | Villager (Male) |
| 5:55 | Create | Villager (Male) |
| 5:55 | Create | Villager (Male) |
| 6:01 | Create | Fishing Ship |
| 6:02 | Create | Fishing Ship |
| 6:17 | Create | Villager (Male) |
| 6:17 | Create | Villager (Male) |
| 6:18 | Create | Villager (Male) |
| 6:43 | Create | Villager (Male) |
| 6:43 | Create | Villager (Male) |
| 6:50 | Build | House |
| 6:52 | Build | Palisade Wall |
| 6:58 | Create | Villager (Male) |
| 6:58 | Create | Villager (Male) |
| 6:58 | Create | Villager (Male) |
| 7:00 | Create | Villager (Male) |
| 7:01 | Create | Villager (Male) |
| 7:13 | Create | Villager (Male) |
| 7:13 | Create | Villager (Male) |
| 7:13 | Create | Villager (Male) |
| 7:47 | Create | Fishing Ship |
| 7:48 | Create | Fishing Ship |
| 8:05 | Build | House |
| 8:06 | Build | Palisade Wall |
| 8:12 | Create | Villager (Male) |
| 8:12 | Create | Villager (Male) |
| 8:12 | Create | Villager (Male) |
| 8:12 | Create | Villager (Male) |
| 8:42 | Create | Villager (Male) |
| 8:46 | Build | House |
| 8:48 | Build | Palisade Wall |
| 8:50 | Create | Villager (Male) |
| 8:51 | Create | Villager (Male) |
| 9:06 | Create | Villager (Male) |
| 9:08 | Create | Fishing Ship |
| 9:08 | Create | Fishing Ship |
| 9:08 | Create | Fishing Ship |
| 9:46 | Build | House |
| 9:53 | Create | Villager (Male) |
| 10:00 | Build | Mill |
| 10:28 | Build | Palisade Wall |
| 10:31 | Build | House |
| 10:34 | Build | Palisade Wall |
| 10:38 | Create | Villager (Male) |
| 10:57 | Build | Dock |
| 11:27 | Create | Villager (Male) |
| 11:56 | Build | Mining Camp |
| 12:03 | Research | Feudal Age |
| 12:03 | Research | Feudal Age |
| 12:08 | Build | House |
| 12:11 | Build | Palisade Wall |
| 12:17 | Build | Palisade Wall |
| 13:02 | Build | Mining Camp |
| 13:27 | Build | Lumber Camp |
| 14:20 | Age | Feudal Age |
| 14:23 | Create | Villager (Male) |
| 14:23 | Create | Villager (Male) |
| 14:36 | Build | Market |
| 14:46 | Build | House |
| 14:48 | Create | Villager (Male) |
| 15:16 | Build | Blacksmith |
| 15:19 | Create | Villager (Male) |
| 15:23 | Build | House |
| 15:28 | Build | Stone Wall |
| 15:45 | Create | Unit 2626 |
| 16:12 | Create | Unit 2626 |
| 16:25 | Research | Castle Age |
| 16:25 | Research | Castle Age |
| 16:25 | Research | Castle Age |
| 16:34 | Create | Villager (Male) |
| 16:51 | Build | House |
| 17:24 | Create | Villager (Male) |
| 17:31 | Create | Unit 2626 |
| 17:42 | Build | Farm |
| 17:45 | Build | Farm |
| 17:46 | Build | Farm |
| 17:47 | Build | Farm |
| 17:52 | Research | Double-Bit Axe |
| 17:57 | Build | House |
| 18:01 | Build | Stone Wall |
| 18:26 | Create | Villager (Male) |
| 18:44 | Research | Horse Collar |
| 18:44 | Research | Horse Collar |
| 18:44 | Research | Horse Collar |
| 18:58 | Create | Unit 2626 |
| 19:05 | Age | Castle Age |
| 19:07 | Create | Villager (Male) |
| 19:08 | Create | Villager (Male) |
| 19:24 | Create | Villager (Male) |
| 19:49 | Build | Siege Workshop |
| 19:59 | Create | Villager (Male) |
| 20:07 | Research | Bow Saw |
| 20:07 | Research | Bow Saw |
| 20:24 | Create | Villager (Male) |
| 20:28 | Create | Villager (Male) |
| 21:01 | Create | Villager (Male) |
| 21:18 | Create | Scorpion |
| 21:32 | Build | Castle |
| 21:52 | Create | Scorpion |
| 22:01 | Create | Villager (Male) |
| 22:01 | Create | Villager (Male) |
| 22:17 | Create | Villager (Male) |
| 22:17 | Create | Villager (Male) |
| 22:35 | Create | Villager (Male) |
| 22:55 | Create | Scorpion |
| 23:03 | Create | Villager (Male) |
| 23:52 | Create | Villager (Male) |
| 23:54 | Build | Town Center |
| 23:59 | Build | Farm |
| 24:06 | Create | Villager (Male) |
| 24:32 | Create | Villager (Male) |
| 24:32 | Create | Villager (Male) |
| 24:34 | Create | Villager (Male) |
| 24:39 | Create | Villager (Male) |
| 24:40 | Create | Villager (Male) |
| 25:04 | Create | Villager (Male) |
| 25:33 | Build | Town Center |
| 25:34 | Create | Villager (Male) |
| 25:46 | Build | Lumber Camp |
| 25:48 | Create | Villager (Male) |
| 25:48 | Create | Villager (Male) |
| 26:19 | Build | Farm |
| 26:20 | Build | Farm |
| 26:21 | Build | Farm |
| 26:24 | Build | Farm |
| 26:26 | Build | Farm |
| 26:27 | Build | Farm |
Match timeline
| 0:26 | DGKR5507 · first_building Dock |
| 1:23 | BlueKID · first_building Dock |
| 1:24 | edengr7 · first_building Dock |
| 1:37 | Ux'BorealTulip · first_building Dock |
| 1:40 | Ux'BorealTulip · wall_segment Palisade Wall x1 |
| 1:42 | DGKR5507 · wall_segment Palisade Wall x1 |
| 2:56 | 2987052186 · first_building Dock |
| 3:34 | Althing · first_building Dock |
| 4:14 | popsicle · first_building Dock |
| 5:51 | yogieberere · first_building Dock |
| 6:52 | DGKR5507 · wall_segment Palisade Wall x1 |
| 7:31 | BlueKID · wall_segment Palisade Wall x1 |
| 7:35 | BlueKID · wall_segment Palisade Wall x1 |
| 8:06 | DGKR5507 · wall_segment Palisade Wall x1 |
| 8:48 | DGKR5507 · wall_segment Palisade Wall x3 |
| 9:18 | yogieberere · wall_segment Palisade Wall x1 |
| 9:19 | yogieberere · wall_segment Palisade Wall x3 |
| 9:22 | yogieberere · wall_segment Palisade Wall x10 |
| 9:33 | yogieberere · wall_segment Palisade Wall x1 |
| 9:34 | yogieberere · wall_segment Palisade Wall x8 |
| 9:36 | yogieberere · wall_segment Palisade Wall x1 |
| 10:27 | Althing · wall_segment Palisade Wall x2 |
| 10:28 | DGKR5507 · wall_segment Palisade Wall x1 |
| 10:34 | DGKR5507 · wall_segment Palisade Wall x7 |
| 11:30 | yogieberere · wall_segment Palisade Wall x10 |
| 11:39 | yogieberere · wall_segment Palisade Wall x1 |
| 11:40 | yogieberere · wall_segment Palisade Wall x9 |
| 12:00 | yogieberere · wall_segment Palisade Wall x6 |
| 12:11 | DGKR5507 · wall_segment Palisade Wall x4 |
| 12:17 | DGKR5507 · wall_segment Palisade Wall x4 |
| 12:59 | Ux'BorealTulip · age_up feudal |
| 13:35 | popsicle · wall_segment Palisade Wall x9 |
| 13:47 | edengr7 · age_up feudal |
| 13:49 | Althing · wall_segment Palisade Wall x5 |
| 13:56 | BlueKID · age_up feudal |
| 14:09 | Althing · age_up feudal |
| 14:10 | popsicle · first_building Barracks |
| 14:20 | DGKR5507 · age_up feudal |
| 14:28 | yogieberere · age_up feudal |
| 14:56 | 2987052186 · age_up feudal |
| 15:15 | Ux'BorealTulip · wall_segment Stone Wall x7 |
| 15:28 | popsicle · age_up feudal |
| 15:28 | DGKR5507 · wall_segment Stone Wall x2 |
| 15:35 | popsicle · first_building Stable |
| 15:45 | Ux'BorealTulip · wall_segment Stone Wall x6 |
| 16:20 | DGKR5507 · first_market_sell 100 stone |
| 16:49 | Ux'BorealTulip · age_up castle |
| 16:51 | popsicle · wall_segment Stone Wall x18 |
| 17:04 | BlueKID · wall_segment Stone Wall x8 |
| 18:01 | DGKR5507 · wall_segment Stone Wall x3 |
| 18:12 | BlueKID · wall_segment Stone Wall x5 |
| 18:28 | Ux'BorealTulip · first_building Castle |
| 19:05 | DGKR5507 · age_up castle |
| 19:08 | edengr7 · first_building Barracks |
| 19:23 | popsicle · age_up castle |
| 19:49 | DGKR5507 · first_building Siege Workshop |
| 20:25 | BlueKID · wall_segment Stone Wall x5 |
| 20:31 | edengr7 · first_market_buy 100 food |
| 20:36 | BlueKID · wall_segment Stone Wall x3 |
| 20:47 | BlueKID · age_up castle |
| 20:53 | BlueKID · first_building Siege Workshop |
| 20:54 | Althing · age_up castle |
| 21:21 | yogieberere · wall_segment Palisade Wall x1 |
| 21:21 | 2987052186 · first_building Barracks |
| 21:32 | DGKR5507 · first_building Castle |
| 21:38 | Althing · wall_segment Palisade Wall x12 |
| 21:40 | Althing · wall_segment Palisade Wall x1 |
| 21:46 | yogieberere · first_market_sell 100 wood |
| 21:48 | yogieberere · first_market_buy 100 food |
| 22:15 | 2987052186 · first_building Stable |
| 22:38 | Althing · first_building Castle |
| 23:17 | edengr7 · age_up castle |
| 23:24 | 2987052186 · age_up castle |
| 23:26 | DGKR5507 · first_market_buy 100 stone |
| 23:45 | Althing · first_market_buy 100 stone |
| 24:37 | yogieberere · age_up castle |
| 24:51 | BlueKID · first_building Castle |
| 24:54 | yogieberere · first_building Siege Workshop |
| 25:02 | popsicle · first_building Castle |
| 25:07 | BlueKID · first_building Barracks |
| 25:15 | Ux'BorealTulip · first_building Barracks |
| 25:43 | popsicle · wall_segment Stone Wall x3 |
| 25:45 | popsicle · wall_segment Stone Wall x7 |
| 26:03 | Ux'BorealTulip · first_building Siege Workshop |
| 26:44 | BlueKID · first_building Monastery |
| 27:07 | 2987052186 · first_market_buy 100 stone |
| 27:33 | Ux'BorealTulip · first_building Stable |
| 27:52 | Ux'BorealTulip · first_market_sell 100 stone |
| 28:05 | yogieberere · wall_segment Palisade Wall x3 |
| 28:16 | popsicle · wall_segment Stone Wall x2 |
| 28:22 | popsicle · wall_segment Stone Wall x2 |
| 28:31 | BlueKID · first_market_sell 100 wood |
| 28:54 | yogieberere · wall_segment Stone Wall x1 |
| 28:55 | yogieberere · wall_segment Stone Wall x9 |
| 29:09 | 2987052186 · first_building Archery Range |
| 29:42 | DGKR5507 · first_building Barracks |
| 29:59 | edengr7 · first_building Castle |
| 30:41 | DGKR5507 · first_building Archery Range |
| 30:58 | yogieberere · wall_segment Stone Wall x1 |
| 31:00 | yogieberere · wall_segment Stone Wall x17 |
| 31:08 | popsicle · wall_segment Stone Wall x1 |
| 31:46 | yogieberere · wall_segment Stone Wall x1 |
| 31:49 | edengr7 · first_building Archery Range |
| 31:57 | yogieberere · wall_segment Stone Wall x1 |
| 31:58 | yogieberere · wall_segment Stone Wall x9 |
| 32:13 | 2987052186 · first_building Castle |
| 32:43 | BlueKID · first_building Stable |
| 33:14 | yogieberere · wall_segment Stone Wall x1 |
| 34:02 | yogieberere · first_building Castle |
| 34:10 | yogieberere · wall_segment Stone Wall x1 |
| 34:11 | yogieberere · wall_segment Stone Wall x1 |
| 34:12 | yogieberere · wall_segment Stone Wall x1 |
| 34:14 | yogieberere · wall_segment Stone Wall x1 |
| 34:18 | Ux'BorealTulip · age_up imperial |
| 34:28 | yogieberere · wall_segment Stone Wall x1 |
| 34:31 | Althing · first_market_sell 500 stone |
| 34:50 | yogieberere · wall_segment Stone Wall x1 |
| 34:51 | yogieberere · wall_segment Stone Wall x1 |
| 34:57 | yogieberere · wall_segment Stone Wall x1 |
| 35:02 | yogieberere · wall_segment Stone Wall x1 |
| 35:03 | yogieberere · wall_segment Stone Wall x1 |
| 35:08 | yogieberere · wall_segment Stone Wall x1 |
| 35:08 | Ux'BorealTulip · first_building Archery Range |
| 35:13 | yogieberere · wall_segment Stone Wall x6 |
| 36:12 | yogieberere · wall_segment Stone Wall x1 |
| 36:13 | yogieberere · wall_segment Stone Wall x1 |
| 36:14 | yogieberere · wall_segment Stone Wall x5 |
| 36:16 | yogieberere · wall_segment Stone Wall x7 |
| 37:22 | popsicle · first_building Archery Range |
| 37:28 | Althing · wall_segment Stone Wall x4 |
| 37:44 | 2987052186 · wall_segment Stone Wall x24 |
| 38:18 | Althing · age_up imperial |
| 38:46 | BlueKID · age_up imperial |
| 39:31 | 2987052186 · age_up imperial |
| 40:28 | yogieberere · wall_segment Stone Wall x1 |
| 40:53 | Althing · first_building Barracks |
| 41:45 | yogieberere · first_building Barracks |
| 43:07 | Althing · first_building Stable |
| 43:08 | BlueKID · wall_segment Palisade Wall x2 |
| 43:39 | popsicle · age_up imperial |
| 43:50 | BlueKID · first_market_buy 100 stone |
| 43:57 | Althing · first_building Archery Range |
| 44:12 | DGKR5507 · wall_segment Palisade Wall x1 |
| 44:15 | Ux'BorealTulip · first_market_buy 100 wood |
| 45:43 | BlueKID · tribute_sent a jugador 1 |
| 45:43 | BlueKID · tribute_sent a jugador 2 |
| 45:43 | BlueKID · tribute_sent a jugador 3 |
| 45:43 | BlueKID · tribute_sent a jugador 4 |
| 45:43 | BlueKID · tribute_sent a jugador 5 |
| 45:43 | BlueKID · tribute_sent a jugador 7 |
| 45:43 | BlueKID · tribute_sent a jugador 8 |
| 45:57 | BlueKID · first_building Archery Range |
| 47:05 | edengr7 · age_up imperial |
| 49:25 | yogieberere · wall_segment Stone Wall x1 |
| 49:25 | yogieberere · wall_segment Stone Wall x1 |
| 51:56 | yogieberere · age_up imperial |
| 52:19 | yogieberere · first_building Stable |
| 53:00 | BlueKID · tribute_sent a jugador 1 |
| 53:00 | BlueKID · tribute_sent a jugador 2 |
| 53:00 | BlueKID · tribute_sent a jugador 3 |
| 53:00 | BlueKID · tribute_sent a jugador 4 |
| 53:00 | BlueKID · tribute_sent a jugador 5 |
| 53:00 | BlueKID · tribute_sent a jugador 7 |
| 53:00 | BlueKID · tribute_sent a jugador 8 |
| 54:43 | edengr7 · first_market_sell 100 food |
| 54:48 | edengr7 · first_building Siege Workshop |
| 56:06 | BlueKID · wall_segment Stone Wall x6 |
| 56:38 | DGKR5507 · age_up imperial |
| 57:24 | BlueKID · wall_segment Stone Wall x1 |
| 57:55 | BlueKID · wall_segment Stone Wall x5 |
| 62:14 | 2987052186 · first_building Siege Workshop |
| 62:48 | BlueKID · wall_segment Stone Wall x13 |
| 65:29 | BlueKID · wall_segment Stone Wall x5 |
| 67:03 | yogieberere · first_building Archery Range |
| 71:15 | BlueKID · tribute_sent a jugador 1 |
| 71:15 | BlueKID · tribute_sent a jugador 2 |
| 71:15 | BlueKID · tribute_sent a jugador 3 |
| 71:15 | BlueKID · tribute_sent a jugador 4 |
| 71:15 | BlueKID · tribute_sent a jugador 5 |
| 71:15 | BlueKID · tribute_sent a jugador 7 |
| 71:15 | BlueKID · tribute_sent a jugador 8 |
| 75:52 | edengr7 · tribute_sent a jugador 2 |
| 75:52 | edengr7 · tribute_sent a jugador 3 |
| 75:52 | edengr7 · tribute_sent a jugador 4 |
| 75:52 | edengr7 · tribute_sent a jugador 5 |
| 75:52 | edengr7 · tribute_sent a jugador 6 |
| 75:52 | edengr7 · tribute_sent a jugador 7 |
| 75:52 | edengr7 · tribute_sent a jugador 8 |
| 76:17 | yogieberere · resign |
[ AI ANALYSIS · 1 CREDIT ]
What really happened in this match?
Wolo.gg analyzes every decision: build order, eco, micro, common mistakes by bracket. Personalized analysis on WhatsApp or Discord in 30 seconds.
Civ guide
Magyars
Perfil
Jugador #16125835